Map: 어스름 탑

Players

Scarlett - Winner!

  • Race: Zerg Zerg
  • League: Diamond

iGiA (iAsonu)

  • Race: Zerg Zerg
  • League: Master

VOD

Have the link to the VOD?

Description

Time

  • Played on: April 14, 2016, 12:21 a.m.
  • Length: 10:07
Show
View Real Time Build Order
Export as new Build Order

Scarlett Zerg - Winner!

Build Orders: Hatch First 

Get SALT Encoding   

  12  0:00  Drone  
  13  0:11  Drone  
  14  0:17  Overlord  
  14  0:24  Extractor, Drone  
  15  0:37  Drone x2  
  17  0:52  Hatchery  
  17  0:55  Drone  
  17  0:59  Drone  
  18  1:13  Spawning Pool, Extractor  
  18  1:16  Drone  
  17  1:19  Drone  
  18  1:28  Drone  
  19  1:37  Overlord  
  19  1:50  Drone  
  20  2:01  Zergling x2, Queen  
  20  2:04  Queen, Drone  
  26  2:10  Drone  
  26  2:12  Metabolic Boost  
  26  2:15  Drone  
  28  2:23  Drone  
  28  2:27  Drone  
  30  2:34  Hatchery  
  29  2:41  Queen  
  29  2:44  Drone  
  32  2:49  Baneling Nest  
  32  2:51  Drone  
  32  2:55  Overlord  
  32  2:58  Zergling x2  
  33  3:01  Drone  
  33  3:03  Drone  
  35  3:06  Drone  
  36  3:14  Drone x2  
  36  3:15  Zergling x2  
  36  3:17  Drone x2  
  41  3:24  Overlord  
  41  3:26  Zergling x4  
  43  3:30  Zergling x2  
  44  3:35  Baneling  
  44  3:36  Baneling x3  
  44  3:39  Overlord, Extractor  
  44  3:41  Extractor  
  42  3:49  Queen  
  42  3:52  Drone x4  
  48  3:58  Overlord  
  48  3:59  Drone x2  
  50  4:05  Drone x2  
  50  4:09  Lair  
  52  4:16  Drone x2  
  54  4:18  Drone x2  
  54  4:24  Drone x2  
  58  4:31  Drone  
  58  4:32  Drone x5  
  64  4:42  Extractor  
  64  4:43  Drone  
  64  4:44  Drone x5  
  69  4:51  Roach Warren  
  68  4:53  Drone x4  
  72  5:02  Overlord x2  
  72  5:05  Drone x2  
  74  5:08  Spire  
  74  5:10  Overseer  
  74  5:11  Drone  
  74  5:12  Overlord  
  74  5:18  Extractor  
  74  5:20  Extractor  
  72  5:22  Drone x2  
  72  5:23  Drone  
  72  5:24  Drone x5  
  72  5:26  Drone  
  80  5:35  Drone  
  78  5:36  Drone x5  
  78  5:39  Zergling x2  
  78  5:40  Zergling x8  
  88  5:54  Overlord x3  
  88  5:55  Zergling x6  
  90  6:12  Overlord  
  90  6:13  Hatchery, Zergling x4  
  91  6:22  Mutalisk x5  
  101  6:26  Mutalisk x6  
  101  6:32  Mutalisk  
  114  6:36  Zerg Flyer Weapons Level 1  
  114  6:37  Mutalisk  
  116  6:41  Mutalisk  
  118  6:49  Extractor  
  118  6:50  Spore Crawler, Drone x2  
  118  6:51  Overlord x3, Drone x3  
  118  6:52  Overlord x3  
  120  7:04  Spore Crawler  
  120  7:05  Overlord  
  119  7:08  Mutalisk  
  119  7:11  Mutalisk x2  
  119  7:13  Extractor  
  124  7:19  Mutalisk x3  
  124  7:20  Overlord  
  124  7:21  Zergling x6  
  133  7:23  Mutalisk  
  135  7:31  Mutalisk  
  135  7:33  Zergling x4  
  139  7:40  Mutalisk x2  
  139  7:41  Zergling x2  
  139  7:42  Zergling x2  
  145  7:46  Mutalisk  
  145  7:48  Zergling x14  
  154  7:51  Overlord  
  154  7:54  Mutalisk x2  
  158  7:59  Mutalisk  
  158  8:02  Zergling x6  
  163  8:06  Mutalisk x2  
  163  8:12  Zergling x10  
  172  8:19  Mutalisk x2  
  174  8:20  Mutalisk  
  174  8:22  Zergling x4  
  180  8:29  Zergling x2  
  180  8:30  Zergling x14  
  180  8:31  Hatchery  
  187  8:34  Mutalisk  
  187  8:36  Zergling x8  
  193  8:42  Mutalisk  
  195  8:52  Mutalisk x3  
  198  9:01  Mutalisk  
  196  9:03  Zergling x2, Infestation Pit  
  196  9:04  Zergling x6  
  199  9:13  Mutalisk x3  
  197  9:19  Mutalisk  
  197  9:21  Zergling x2  
  197  9:22  Zergling x2  
  194  9:29  Mutalisk x2  
  167  9:31  Zergling x2  
  167  9:32  Zergling x22  
  167  9:35  Mutalisk  
  151  9:39  Mutalisk  
  151  9:43  Zergling x2  
  151  9:44  Zergling x8  
Show
View Real Time Build Order
Export as new Build Order

iGiA Zerg 

Build Orders: Hatch First 

Get SALT Encoding   

  12  0:01  Drone  
  13  0:12  Overlord  
  13  0:17  Drone  
  14  0:30  Drone  
  14  0:31  Drone  
  17  0:35  Drone  
  17  0:51  Hatchery  
  17  0:54  Drone  
  17  0:57  Drone  
  18  1:05  Extractor  
  17  1:13  Spawning Pool  
  17  1:15  Drone  
  17  1:18  Drone  
  18  1:28  Drone  
  19  1:39  Overlord  
  19  1:52  Drone  
  20  2:01  Queen  
  22  2:02  Drone  
  22  2:03  Queen  
  22  2:04  Drone  
  22  2:06  Metabolic Boost  
  26  2:11  Drone  
  26  2:14  Drone  
  28  2:22  Zergling x2  
  29  2:25  Drone  
  29  2:27  Baneling Nest  
  29  2:32  Drone  
  30  2:45  Hatchery  
  29  2:54  Zergling x8  
  33  3:00  Zergling x2  
  34  3:05  Overlord  
  34  3:10  Drone x2  
  36  3:16  Baneling x2  
  36  3:23  Queen  
  36  3:25  Drone x4  
  36  3:27  Drone  
  43  3:33  Lair  
  43  3:38  Overlord  
  43  3:43  Zergling x2  
  44  3:50  Overlord  
  44  3:57  Extractor  
  44  3:58  Extractor, Drone x3  
  44  3:59  Drone x3  
  44  4:02  Drone  
  49  4:03  Drone  
  49  4:06  Drone  
  49  4:07  Extractor  
  49  4:09  Drone x2  
  52  4:13  Drone  
  52  4:16  Drone  
  54  4:22  Overlord  
  54  4:27  Drone  
  54  4:29  Drone x2  
  57  4:31  Drone  
  57  4:32  Drone  
  58  4:39  Spire, Drone x2  
  58  4:40  Drone  
  60  4:46  Drone  
  60  4:49  Extractor, Drone x2  
  60  4:50  Extractor  
  60  4:51  Drone  
  62  4:54  Overlord  
  62  4:56  Baneling x2  
  62  4:58  Drone  
  62  4:59  Drone  
  64  5:03  Drone  
  64  5:04  Drone  
  66  5:07  Drone  
  66  5:08  Drone x2  
  66  5:10  Drone x2  
  66  5:12  Drone  
  72  5:16  Overseer  
  72  5:19  Drone  
  73  5:26  Overlord  
  72  5:39  Overlord x2  
  72  5:43  Overlord  
  72  5:48  Zergling x18  
  81  5:51  Hatchery  
  81  5:53  Zerg Flyer Armor Level 1  
  81  5:54  Mutalisk  
  81  5:59  Mutalisk x2  
  81  6:01  Mutalisk  
  87  6:06  Overlord  
  87  6:11  Overlord  
  87  6:15  Mutalisk  
  87  6:16  Mutalisk x3  
  95  6:28  Mutalisk  
  95  6:29  Mutalisk x3  
  102  6:39  Mutalisk x3  
  104  6:42  Extractor  
  104  6:43  Overlord  
  104  6:44  Mutalisk  
  109  6:51  Extractor  
  109  6:54  Drone x4  
  110  6:55  Drone x2  
  110  6:58  Mutalisk x3  
  120  7:05  Mutalisk  
  121  7:12  Mutalisk  
  121  7:15  Zergling x20  
  128  7:22  Queen  
  135  7:27  Overlord  
  135  7:32  Overlord  
  135  7:35  Overlord x2  
  135  7:39  Overlord  
  135  7:44  Overlord  
  135  7:47  Mutalisk x2  
  135  7:48  Mutalisk x2  
  143  7:53  Mutalisk x4  
  151  8:01  Mutalisk x2  
  154  8:06  Overlord  
  154  8:15  Mutalisk  
  156  8:20  Mutalisk  
  156  8:23  Zergling x14  
  164  8:29  Mutalisk  
  164  8:30  Mutalisk  
  168  8:35  Overlord  
  168  8:39  Mutalisk x2  
  171  8:42  Zergling x8  
  167  8:55  Mutalisk  
  167  8:56  Mutalisk x3  
  167  9:02  Extractor  
  169  9:03  Mutalisk  
  169  9:10  Zergling x8  
  169  9:11  Zergling x6  
  161  9:20  Mutalisk x3  
  161  9:24  Zergling x8  
  123  9:35  Zergling x8  
  91  9:41  Mutalisk  
  75  9:48  Baneling x2  
Tags
 
Add a new tag
Caveats
  • Supply blocks, unpowered buildings, or Contaminate may cause inaccurate times.
  • Supply counts are checked every 10 seconds.